 Seeded DCSS version 0.31-a0-198-g2ad674f65e (webtiles) character file.

Game seed: 159121091862449092 (custom seed)

317480 rabbitsville the Champion of Chaos (level 21, -3/211 HPs)
             Began as a Hill Orc Fighter on June 25, 2023.
             Was the Champion of Makhleb.
             Slain by a war gargoyle
             ... wielding a +0 morningstar
              (11 damage)
             ... on level 4 of the Vaults on June 26, 2023.
             The game lasted 02:14:32 (41908 turns).

rabbitsville the Champion of Chaos (HOFi)          Turns: 41908, Time: 02:14:32

Health: -3/211     AC: 32    Str: 36    XL:     21   Next: 43%
Magic:  45/45      EV: 11    Int:  8    God:    Makhleb [******]
Gold:   2800       SH: 18    Dex: 13    Spells: 20/20 levels left

rFire   . . .        C - +9 morningstar "Ilusyloh" {spect, Contam rElec rPois}
rCold   . . .        p - +0 tower shield {rN+}
rNeg    + + .        X - +2 plate armour {Will+}
rPois   +            t - +0 helmet of the Rose {MP+9 Dex+3 Slay+3}
rElec   +            P - +2 cloak
rCorr   .            b - +1 pair of gloves {Str+3}
SInv    +            L - +1 pair of boots {Stlth+}
Will    ++...        Z - amulet of the acrobat Stlth
                     T - +4 ring of protection
HPRegen 0.55/turn    I - ring of Tender Moments {+Blink rN+ Str+3 SInv}
MPRegen 0.29/turn

%: acrobat
@: about to teleport, studying Short Blades
A: no striking features
}: 2/15 runes: serpentine, barnacled
a: Renounce Religion, Evoke Blink, Minor Destruction, Lesser Servant of Makhleb,
Major Destruction, Greater Servant of Makhleb


You were on level 4 of the Vaults.
You worshipped Makhleb.
Makhleb was exalted by your worship.
You visited 7 branches of the dungeon, and saw 38 of its levels.
You also visited: Sewer.

You collected 3413 gold pieces.
You spent 613 gold pieces at shops.

Inventory:

Hand Weapons
 C - the +9 morningstar "Ilusyloh" (weapon) {spect, Contam rElec rPois}
   (You took it off an orc on level 6 of the Dungeon)

   rElec:     It insulates you from electricity.
   rPois:     It protects you from poison.
   Contam:    It causes magical contamination when unequipped.
Missiles
 g - 27 javelins
 r - 69 poisoned darts
 w - 3 curare-tipped darts
 x - 18 boomerangs
 J - 3 throwing nets
 O - 15 boomerangs of dispersal
Armour
 b - a +1 pair of gloves of strength (worn)
 p - a +0 tower shield of positive energy (worn)
 t - the +0 helmet of the Rose (worn) {MP+9 Dex+3 Slay+3}
   (You found it on level 5 of the Dungeon)

   Dex:       It affects your dexterity (+3).
   Slay:      It affects your accuracy & damage with ranged weapons and melee
   (+3).
   MP:        It affects your magic capacity (+9).
 L - a +1 pair of boots of stealth (worn)
 P - a +2 cloak (worn)
 X - a +2 plate armour of willpower (worn)
Jewellery
 I - the ring of Tender Moments (right hand) {+Blink rN+ Str+3 SInv}
   (You bought it in a shop on level 2 of the Orcish Mines)

   [ring of see invisible]

   Str:       It affects your strength (+3).
   rN:        It protects you from negative energy.
   SInv:      It lets you see invisible.
   +Blink:    It lets you blink.
 K - a ring of willpower
 T - a +4 ring of protection (left hand)
 V - a ring of flight
 Z - an amulet of the acrobat (around neck)
Wands
 f - a wand of digging (8)
 h - a wand of mindburst (19)
 s - a wand of acid (13)
 A - a wand of roots (48)
 D - a wand of flame (46)
 F - a wand of paralysis (25)
 S - a wand of polymorph (8)
Scrolls
 c - 4 scrolls of blinking
 l - 4 scrolls of enchant armour
 n - 4 scrolls of poison
 o - 4 scrolls of fear
 q - a scroll of silence
 y - 11 scrolls of enchant weapon
 G - 3 scrolls of revelation
 N - 2 scrolls of torment
 Q - 6 scrolls of teleportation
 U - 5 scrolls of immolation
 Y - 2 scrolls of brand weapon
Potions
 d - a potion of might
 e - 6 potions of mutation
 i - 10 potions of attraction
 j - 17 potions of curing
 k - 3 potions of cancellation
 u - 6 potions of magic
 v - 8 potions of haste
 z - 5 potions of invisibility
 B - a potion of enlightenment
 E - 7 potions of lignification
 H - 4 potions of ambrosia
 R - a potion of resistance
 W - 2 potions of berserk rage
Miscellaneous
 a - a phantom mirror
 m - a phial of floods


   Skills:
 + Level 23.1 Fighting
 - Level 17.6 Maces & Flails
 + Level 14.1 Armour
 - Level 9.3 Dodging
 + Level 14.1 Shields
 - Level 23.3 Invocations
 - Level 10.0 Evocations


You had 20 spell levels left.
You didn't know any spells.
Your spell library contained the following spells:

 Spells                   Type           Power      Damage    Failure   Level
 Apportation              Tloc           0%         N/A       98%         1
 Beastly Appendage        Tmut           0%         N/A       98%         1
 Shock                    Conj/Air       0%         1d3       98%         1
 Slow                     Hex            0%         N/A       98%         1
 Summon Small Mammal      Summ           0%         N/A       98%         1
 Blink                    Tloc           0%         N/A       99%         2
 Cigotuvi's Dreadful Rot  Necr/Pois/Air  0%         N/A       99%         2
 Ensorcelled Hibernation  Hex/Ice        0%         N/A       99%         2
 Lesser Beckoning         Tloc           0%         N/A       99%         2
 Momentum Strike          Conj/Tloc      0%         3d8       99%         2
 Passwall                 Tmut/Erth      0%         N/A       99%         2
 Poisonous Vapours        Pois/Air       0%         N/A       99%         2
 Wereblood                Tmut           0%         N/A       99%         2
 Call Canine Familiar     Summ           0%         N/A       100%        3
 Confusing Touch          Hex            0%         N/A       100%        3
 Frozen Ramparts          Ice            0%         1d1       100%        3
 Ignite Poison            Fire/Tmut/Pois 0%         N/A       100%        3
 Inner Flame              Hex/Fire       0%         N/A       100%        3
 Mephitic Cloud           Conj/Pois/Air  0%         N/A       100%        3
 Ozocubu's Armour         Ice            0%         N/A       100%        3
 Spider Form              Tmut/Pois      0%         N/A       100%        3
 Stone Arrow              Conj/Erth      0%         3d7       100%        3
 Summon Guardian Golem    Hex/Summ       0%         N/A       100%        3
 Swiftness                Air            0%         N/A       100%        3
 Tukima's Dance           Hex            0%         N/A       100%        3
 Vampiric Draining        Necr           0%         2d6       100%        3
 Vhi's Electric Charge    Tloc/Air       0%         N/A       100%        3
 Volatile Blastmotes      Fire/Tloc      0%         2d10      100%        3
 Airstrike                Air            0%         2d(0-16)  100%        4
 Anguish                  Hex/Necr       0%         N/A       100%        4
 Animate Armour           Summ/Erth      0%         N/A       100%        4
 Cause Fear               Hex            0%         N/A       100%        4
 Flame Wave               Conj/Fire      0%         2d4       100%        4
 Fulminant Prism          Conj/Hex       0%         3d5       100%        4
 Ice Form                 Ice/Tmut       0%         N/A       100%        4
 Iskenderun's Mystic Bla  Conj/Tloc      0%         2d3       100%        4
 Manifold Assault         Tloc           0%         N/A       100%        4
 Passage of Golubria      Tloc           0%         N/A       100%        4
 Petrify                  Tmut/Erth      0%         N/A       100%        4
 Sticky Flame             Conj/Fire      0%         2d3       100%        4
 Summon Ice Beast         Ice/Summ       0%         N/A       100%        4
 Alistair's Intoxication  Tmut/Pois      0%         N/A       100%        5
 Arcjolt                  Conj/Air       0%         1d10      100%        5
 Freezing Cloud           Conj/Ice/Air   0%         6-21      100%        5
 Lee's Rapid Deconstruct  Erth           0%         3d4*      100%        5
 Metabolic Englaciation   Hex/Ice        0%         N/A       100%        5
 Yara's Violent Unravell  Hex/Tmut       0%         3d3       100%        5
 Dispersal                Tloc           0%         N/A       100%        6
 Plasma Beam              Fire/Air       0%         2x1d10    100%        6
 Simulacrum               Ice/Necr       0%         N/A       100%        6
 Statue Form              Tmut/Erth      0%         N/A       100%        6
 Enfeeble                 Hex            0%         N/A       100%        7
 Orb of Destruction       Conj           0%         9d5       100%        7
 Spellforged Servitor     Conj/Summ      0%         N/A       100%        7
 Disjunction              Tloc           0%         N/A       100%        8
 Lehudib's Crystal Spear  Conj/Erth      0%         10d2      100%        8
 Polar Vortex             Ice            0%         N/A       100%        9


Dungeon Overview and Level Annotations

Branches:
Dungeon (15/15)            Temple (0/1) D:5            Lair (5/5) D:11
 Shoals (4/4) Lair:3        Snake (4/4) Lair:3        Slime (0/5) Lair:5
    Orc (2/2) D:12            Elf (3/3) Orc:2        Vaults (5/5) D:14
  Crypt (0/3) Vaults:2     Depths (0/4) D:15          Sewer (visited)

Altars:
Ashenzari
Cheibriados
Gozag
Hepliaklqana
Kikubaaqudgha
Makhleb
Nemelex Xobeh
Ru
Trog
Vehumet
Wu Jian
Xom
Yredelemnul
Zin
Beogh

Shops:
D:4 :*   Orc:2 =*=(   Elf:2 (   Vaults:4 [

Portals:
Trove: Vaults:1 (give +3 gold dragon scales)

Annotations:
Orc:1 3 runed translucent doors, exclusion: obsidian statue, Gorgondantess's ghost, journeyman DgIE
Vaults:3 3 runed translucent doors, Luiw's ghost, veteran HOBe; Qeunemit's ghost, adept GrFi; Zissick's ghost, adept MiBr


Message History

The ogre mage hits you but does no damage.
The ettin hits you with a +0 dire flail.
The ettin hits you with a +0 dire flail!
You block the ettin's attack. The ettin hits you but does no damage.
The phantasmal warrior hits you!!
The war gargoyle hits you with a +0 morningstar.
The war gargoyle hits you with a +0 morningstar.
The phantasmal warrior hits you!!
Electricity crackles from the ironbound thunderhulk's apparatus.
The bolt of lightning hits you. You resist.
* * * LOW HITPOINT WARNING * * *
The ironbound preserver gestures wildly while chanting.
The ironbound preserver begins to accept its allies' injuries.
You block the ettin's attack.
The ettin hits you with a +0 dire flail!!
* * * LOW HITPOINT WARNING * * *
The ogre mage hits you but does no damage.
You block the war gargoyle's attack.
You climb upwards.
There is a stone staircase leading down, spattered with blood here.
You blink.
Okay, then.
Unknown command.
As you read the scroll of teleportation, it crumbles to dust.
You feel strangely unstable.
Aiming: Major Destruction (0% risk of failure)
Press: ? - help, Q - select action, (/) - cycle Shift-Dir - straight line, f - war gargoyle
Aim: a war gargoyle, wielding a +0 morningstar The bolt of magma hits the war gargoyle!!
The war gargoyle partially resists.
The war gargoyle is heavily damaged.
You feel stable enough to blink again. You block the war gargoyle's attack.
You block the ettin's attack.
The ettin hits you with a +0 great mace!!
* * * LOW HITPOINT WARNING * * *
The phantasmal warrior gestures at you.
The phantasmal warrior blinks!
You block the ettin's attack. The ettin closely misses you.
The war gargoyle hits you with a +0 morningstar!
You die...

######## #......#
#......# #......#
#......# #......#
#......########
#####'######...C@.#
......# #)..9C.#
......# #.[§.§.#
......# #.[....#
......# #W.....#
......# #......#
......# #'######
......# ##.##
.....^# ##...##


You could see 2 ettins, a war gargoyle and a phantasmal warrior.

Vanquished Creatures
  Mennas (Vaults:3)
  Vashnia (Snake:4)
  Zenata (Vaults:2)
  Rupert (Lair:4)
  A deep elf blademaster (Elf:2)
  2 deep elf master archers (Elf:3)
  A quicksilver dragon (Vaults:3)
  A sphinx (Vaults:2)
  2 nagarajas
  6 deep elf sorcerers
  16 vault wardens
  5 deep elf elementalists (Elf:3)
  5 very ugly things
  2 formless jellyfish
  11 ironbound preservers
  A war gargoyle (Vaults:4)
  A stone giant (D:15)
  11 ironbound thunderhulks
  3 deep elf demonologists (Elf:3)
  5 dire elephants
  5 deep elf annihilators (Elf:3)
  5 deep elf death magi (Elf:3)
  An ettin (Vaults:1)
  3 crystal guardians (Vaults:4)
  5 merfolk impalers (Shoals:4)
  3 merfolk javelineers (Shoals:4)
  A spectral kraken (Shoals:2)
  An entropy weaver (Vaults:3)
  4 yaktaur captains
  Josephine (D:14)
  7 deep elf high priests
  4 great orbs of eyes
  3 salamander tyrants (Snake:4)
  Erolcha (D:11)
  3 hydras
  A hydra (shapeshifter) (Elf:2)
  4 peacekeepers (Vaults:4)
  30 vault guards
  A merfolk avatar (Shoals:4)
  A catoblepas (D:14)
  6 ironbound frosthearts
  2 ghost crabs (Shoals:2)
  5 two-headed ogres
  Erica (D:10)
  A merfolk aquamancer (Shoals:4)
  A death knight (D:14)
  19 centaur warriors
  4 boulder beetles
  A satyr (Shoals:3)
  9 anacondas
  5 naga warriors (Snake:4)
  3 tengu warriors (D:14)
  A death yak (Lair:5)
  31 dancing weapons
  A deep troll earth mage (Vaults:4)
  4 orc high priests
  5 shock serpents
  2 spectral formless jellyfish (Shoals:2)
  11 naga sharpshooters
  14 deep elf knights
  Urug (Orc:1)
  Nergalle (D:10)
  Amaemon (Lair:3)
  9 salamander mystics
  4 skeletal warriors (D:14)
  A shadow wraith (Vaults:5)
  4 sea snakes
  A naga ritualist (Snake:4)
  7 deep elf archers
  A kraken simulacrum (Shoals:4)
  6 orc knights
  5 wizards
  20 deep trolls
  A harpy (shapeshifter) (D:15)
  Pikel (D:9)
  16 lindwurms
  A lindwurm (shapeshifter) (Vaults:1)
  22 harpies
  A wolf spider (Vaults:5)
  16 ironbound convokers
  8 mana vipers (Snake:4)
  4 orc sorcerers
  16 deep elf zephyrmancers
  7 cyclopes
  29 deep elf pyromancers
  An oklob plant (Lair:2)
  23 ugly things
  6 fauns
  22 black mambas
  4 merfolk sirens
  10 elephants
  8 manticores
  13 salamanders
  3 naga magi
  13 vault sentinels
  2 water nymphs
  8 gargoyles
  An orange demon (Lair:3)
  A torpor snail (Lair:2)
  8 guardian serpents (Snake:4)
  8 cane toads
  Psyche (D:10)
  An unseen horror (D:10)
  A rime drake (Lair:5)
  2 efreet (D:15)
  26 yaktaurs
  6 komodo dragons
  4 spectral merfolk (Shoals:2)
  4 hornets (Lair:5)
  A troll (shapeshifter) (Elf:1)
  A tarantella (shapeshifter) (Elf:2)
  3 polar bears (Lair:5)
  9 merfolk
  A polar bear (shapeshifter) (Elf:3)
  10 trolls
  2 wind drakes (Shoals:4)
  Grinder (D:6)
  12 blink frogs
  2 snapping turtles
  7 dream sheep
  32 slime creatures
  13 spriggans (Lair:5)
  A jumping spider (Vaults:3)
  2 shadows (D:12)
  2 centaur simulacra
  An air elemental (Elf:1)
  A spectral wind drake (Shoals:2)
  2 wyverns
  4 water elementals
  6 wraiths
  A fire elemental (Elf:1)
  27 yaks
  3 basilisks
  A redback (Vaults:3)
  7 vampire mosquitoes
  2 fire bats (Lair:3)
  Menkaure (D:4)
  4 wargs
  15 nagas
  19 water moccasins
  A spectral snapping turtle (Shoals:2)
  Duvessa (D:5)
  An acid dragon (D:10)
  6 ice beasts (D:11)
  26 orc warriors
  11 black bears
  9 boggarts
  6 ogres
  34 wolves
  5 centaurs
  A phantom (D:5)
  10 kobold brigands
  11 bullfrogs
  A gnoll sergeant (Orc:2)
  5 earth elementals
  A scorpion (D:6)
  7 wights
  Dowan (D:5)
  20 killer bees
  4 electric eels
  A howler monkey (D:9)
  2 lava snakes (Lair:3)
  2 hounds (D:5)
  3 jellies
  24 orc priests
  3 iguanas
  Jessica (D:2)
  Natasha (twice) (D:3)
  25 orc wizards
  11 adders
  4 gnolls (Orc:2)
  4 river rats
  A shadow imp (D:8)
  2 white imps
  3 worms
  A dart slug (D:8)
  92 orcs
  12 endoplasms
  A giant cockroach (D:2)
  6 goblins
  7 hobgoblins
  3 jackals (D:5)
  4 quokkas
  7 ball pythons
  4 bats
  5 frilled lizards
  17 kobolds
  11 rats
  2 tentacles (Shoals:2)
1260 creatures vanquished.

Vanquished Creatures (collateral kills)
  A naga warrior (Snake:4)
  A black mamba (Snake:4)
  A troll (D:10)
  2 centaurs (Lair:3)
  An electric eel (D:10)
6 creatures vanquished.

Vanquished Creatures (others)
  A shadow wraith (D:14)
  A naga (Snake:1)
  An orc wizard (Orc:2)
  An orc (D:9)
  33 spectral weapons
  4 tentacles
41 creatures vanquished.

Grand Total: 1307 creatures vanquished

Notes
Turn   | Place    | Note
-------+----------+-------------------------------------------
     0 | D:1      | rabbitsville the Hill Orc Fighter began the quest for the
                  | Orb.
     0 | D:1      | Reached XP level 1. HP: 19/19 MP: 1/1
   164 | D:1      | Reached XP level 2. HP: 19/27 MP: 2/2
   752 | D:2      | Reached XP level 3. HP: 26/33 MP: 3/3
   868 | D:2      | Found a burning altar of Makhleb.
   870 | D:2      | Noticed Jessica
   888 | D:2      | Killed Jessica
   893 | D:2      | Became a worshipper of Makhleb the Destroyer
  1002 | D:2      | Reached XP level 4. HP: 38/41 MP: 4/4
  1201 | D:2      | Identified the +9 spear of Eternity {heavy, rC- Str+6}
  1715 | D:3      | Found an opulent altar of Gozag.
  1840 | D:3      | Reached skill level 1 in Invocations
  1979 | D:3      | Found a glowing drain.
  1991 | Sewer    | Entered a sewer
  2042 | Sewer    | Reached XP level 5. HP: 39/47 MP: 6/6
  2080 | Sewer    | Reached * piety under Makhleb
  2141 | Sewer    | Noticed a kobold brigand
  2164 | Sewer    | Killed a kobold brigand
  2165 | Sewer    | Reached skill level 5 in Fighting
  2209 | Sewer    | Noticed a kobold brigand
  2242 | Sewer    | Killed a kobold brigand
  2243 | Sewer    | Reached XP level 6. HP: 38/56 MP: 6/8
  2536 | Sewer    | Reached skill level 5 in Maces & Flails
  2536 | Sewer    | Reached XP level 7. HP: 36/63 MP: 10/10
  3214 | Sewer    | Reached skill level 5 in Invocations
  3633 | D:3      | Noticed Natasha
  3642 | D:3      | Killed Natasha
  3792 | D:3      | Found a hazy altar of Hepliaklqana.
  3893 | D:3      | Noticed Natasha
  3900 | D:3      | Killed Natasha
  3974 | D:4      | Found Ajejed's Book Boutique.
  3975 | D:4      | Found the +5 robe of Misfortune {Harm *Corrode *Slow EV+5}
  3990 | D:3      | Reached XP level 8. HP: 58/73 MP: 12/12
  4101 | D:4      | Found Cinwaor's Assorted Antiques.
  4104 | D:4      | Bought a potion of heal wounds for 100 gold pieces
  4368 | D:4      | Noticed Menkaure
  4376 | D:4      | Killed Menkaure
  4595 | D:4      | Found a radiant altar of Vehumet.
  4595 | D:4      | Found a sacrificial altar of Ru.
  4713 | D:5      | Entered Level 5 of the Dungeon
  5044 | D:5      | Reached ** piety under Makhleb
  5389 | D:5      | Reached XP level 9. HP: 82/82 MP: 14/14
  5519 | D:5      | Identified the +0 helmet of the Rose {MP+9 Dex+3 Slay+3}
  5594 | D:5      | Found a staircase to the Ecumenical Temple.
  5916 | D:5      | Noticed Duvessa
  5916 | D:5      | Noticed Dowan
  5944 | D:5      | HP: 3/82 [Duvessa/+2 short sword of speed (7)]
  5946 | D:5      | Killed Duvessa
  6183 | D:5      | Killed Dowan
  6281 | D:5      | Found a sparkling altar of Nemelex Xobeh.
  6453 | D:6      | Found an ornate altar of the Wu Jian Council.
  6569 | D:6      | Identified the +9 morningstar "Ilusyloh" {spect, Contam
                  | rElec rPois}
  6709 | D:6      | Noticed Grinder
  6725 | D:6      | Killed Grinder
  6930 | D:6      | Found a glowing silver altar of Zin.
  7271 | D:7      | Reached skill level 10 in Fighting
  7547 | D:7      | Noticed a gargoyle
  7551 | D:7      | Killed a gargoyle
  7552 | D:7      | Reached skill level 10 in Invocations
  7552 | D:7      | Reached XP level 10. HP: 76/94 MP: 17/17
  7605 | D:7      | Noticed a gargoyle
  7607 | D:7      | Killed a gargoyle
  7610 | D:7      | Noticed a gargoyle
  7613 | D:7      | Killed a gargoyle
  7690 | D:7      | Noticed a gargoyle
  7696 | D:7      | Killed a gargoyle
  7830 | D:7      | Noticed a gargoyle
  7831 | D:7      | Killed a gargoyle
  7835 | D:7      | Noticed a gargoyle
  7837 | D:7      | Killed a gargoyle
  7955 | D:8      | Reached *** piety under Makhleb
  8296 | D:8      | Reached skill level 10 in Maces & Flails
  8525 | D:8      | Found a snail-covered altar of Cheibriados.
  9018 | D:9      | Noticed a two-headed ogre
  9030 | D:9      | Killed a two-headed ogre
  9170 | D:9      | Reached XP level 11. HP: 104/104 MP: 19/19
  9233 | D:9      | Found an ancient bone altar of Kikubaaqudgha.
  9591 | D:9      | Reached **** piety under Makhleb
  9779 | D:9      | Noticed Pikel
  9786 | D:9      | Killed Pikel
 10121 | D:10     | Entered Level 10 of the Dungeon
 10187 | D:10     | Identified the +7 war axe "Xoce" {flame, Drain rCorr MP+9
                  | SInv}
 10215 | D:10     | Found a broken altar of Ashenzari.
 10475 | D:10     | Found a bloodstained altar of Trog.
 10479 | D:10     | Noticed Nergalle
 10489 | D:10     | Killed Nergalle
 10501 | D:10     | Noticed Erica
 10509 | D:10     | Killed Erica
 10657 | D:10     | Noticed Psyche
 10661 | D:10     | Killed Psyche
 10819 | D:11     | Noticed a two-headed ogre
 10823 | D:11     | Killed a two-headed ogre
 10862 | D:11     | Reached XP level 12. HP: 112/115 MP: 22/22
 10947 | D:11     | Noticed Erolcha
 10958 | D:11     | Killed Erolcha
 11123 | D:11     | Found a staircase to the Lair.
 11238 | D:11     | Noticed a two-headed ogre
 11250 | D:11     | Killed a two-headed ogre
 11949 | D:12     | Noticed a two-headed ogre
 11963 | D:12     | Killed a two-headed ogre
 12157 | D:12     | Reached skill level 15 in Invocations
 12365 | D:12     | Found a staircase to the Orcish Mines.
 12409 | D:12     | Reached ***** piety under Makhleb
 12472 | D:12     | Noticed a two-headed ogre
 12479 | D:12     | Killed a two-headed ogre
 12482 | D:12     | Reached skill level 15 in Fighting
 12968 | Lair:1   | Entered Level 1 of the Lair of Beasts
 13039 | Lair:1   | Reached XP level 13. HP: 126/126 MP: 24/24
 15078 | Lair:3   | Noticed Amaemon
 15096 | Lair:3   | Killed Amaemon
 15117 | Lair:3   | Found a staircase to the Shoals.
 15638 | Lair:3   | Found a staircase to the Snake Pit.
 16099 | Lair:4   | Noticed Rupert
 16113 | Lair:4   | Killed Rupert
 16198 | Lair:4   | Reached skill level 15 in Maces & Flails
 16208 | Lair:4   | Reached XP level 14. HP: 129/138 MP: 26/26
 16822 | Lair:5   | Entered Level 5 of the Lair of Beasts
 16960 | Orc:1    | Entered Level 1 of the Orcish Mines
 16981 | Orc:1    | Found a runed translucent gate.
 16981 | Orc:1    | Found a runed translucent gate.
 16981 | Orc:1    | Found a runed translucent gate.
 16991 | Orc:1    | Found an opulent altar of Gozag.
 16992 | Orc:1    | Noticed Gorgondantess's ghost (journeyman DgIE)
 17021 | Orc:1    | Noticed Urug
 17086 | Orc:1    | Killed Urug
 17427 | Orc:2    | Entered Level 2 of the Orcish Mines
 17582 | Orc:1    | Found a roughly hewn altar of Beogh.
 17636 | Orc:1    | Reached ****** piety under Makhleb
 17810 | Orc:2    | Found a staircase to the Elven Halls.
 17860 | Orc:2    | Found a radiant altar of Vehumet.
 18358 | Orc:2    | Found Pirph's Jewellery Shop.
 18358 | Orc:2    | Found Laelag Bops's Weapon Shoppe.
 18360 | Orc:2    | Found Nupogux's Assorted Antiques.
 18360 | Orc:2    | Found Daucheur's Jewellery Shop.
 18369 | Orc:2    | Bought the ring of Tender Moments {+Blink rN+ Str+3 SInv}
                  | for 513 gold pieces
 19559 | D:14     | Identified the +1 robe "Hepayqyt" {Dex+4}
 19751 | D:14     | Reached XP level 15. HP: 149/149 MP: 28/28
 19761 | D:14     | Found a gate to the Vaults.
 19944 | D:14     | Noticed Josephine
 19951 | D:14     | Killed Josephine
 19968 | D:14     | Identified the +1 robe "Poextob" {rC++ rN+ Str+3 Dex-3}
 20431 | D:15     | Entered Level 15 of the Dungeon
 20506 | D:15     | Found a staircase to the Depths.
 20808 | D:15     | Noticed a frost giant
 22180 | Lair:5   | Found a staircase to the Slime Pits.
 22766 | Lair:5   | Reached XP level 16. HP: 160/161 MP: 30/30
 22799 | Lair:5   | Reached skill level 1 in Evocations
 23119 | Snake:1  | Entered Level 1 of the Snake Pit
 23235 | Snake:2  | Noticed a nagaraja
 23243 | Snake:2  | Killed a nagaraja
 23520 | Snake:4  | Entered Level 4 of the Snake Pit
 23993 | Snake:4  | Noticed a nagaraja
 24006 | Snake:4  | Killed a nagaraja
 24183 | Snake:4  | Reached skill level 5 in Evocations
 24681 | Snake:4  | Noticed Vashnia
 24697 | Snake:4  | Killed Vashnia
 25787 | Snake:4  | Identified the +5 scimitar "Biucw" {distort, rPois rF+
                  | Str+4 SInv}
 25828 | Snake:4  | Reached XP level 17. HP: 113/172 MP: 31/31
 27085 | Snake:4  | Got a serpentine rune of Zot
 27356 | Shoals:1 | Entered Level 1 of the Shoals
 28088 | Shoals:4 | Entered Level 4 of the Shoals
 28088 | Shoals:4 | Found a shimmering altar of Xom.
 28405 | Shoals:4 | Paralysed by a formless jellyfish for 1 turns
 28799 | Shoals:4 | Got a barnacled rune of Zot
 29206 | Elf:1    | Entered Level 1 of the Elven Halls
 29282 | Elf:1    | Reached XP level 18. HP: 152/184 MP: 33/33
 29900 | Elf:1    | Reached skill level 10 in Evocations
 30086 | Elf:2    | Reached skill level 1 in Dodging
 30168 | Elf:2    | Reached skill level 5 in Shields
 30172 | Elf:2    | Found a runed translucent gate.
 30172 | Elf:2    | Found a runed translucent gate.
 30172 | Elf:2    | Found a runed translucent gate.
 30538 | Elf:2    | Found Ecvut's Firing Range.
 30661 | Elf:2    | Reached skill level 5 in Armour
 30985 | Elf:2    | Noticed a deep elf blademaster
 30998 | Elf:2    | Killed a deep elf blademaster
 31997 | Elf:3    | Entered Level 3 of the Elven Halls
 33036 | Elf:3    | Reached skill level 5 in Dodging
 33036 | Elf:3    | Reached XP level 19. HP: 170/192 MP: 34/34
 33179 | Elf:3    | HP: 2/192 [deep elf annihilator/crystal spear (56)]
 33200 | Elf:3    | Identified the +4 mace "Noytzat" {spect, rN+ Dex+3 SInv}
 33204 | Elf:3    | HP: 4/192 [deep elf annihilator/crystal spear (60)]
 33607 | Elf:3    | Identified the +1 great sword of Oozing Pus {heavy, rPois
                  | Str+3}
 34006 | Elf:3    | Identified the +0 quarterstaff "Earthworm" {protect, rC-
                  | Will+ MP+9}
 34078 | Elf:3    | Identified the +10 sling "Tuzxuthru" {heavy, rC- rCorr
                  | Str+3}
 34082 | Elf:3    | Identified the +0 scale mail of Fuzzy New Discoveries {+Inv
                  | rF+ Str+2 Stlth+}
 34102 | Elf:3    | Got the Compilation of Hoarfrost and Enchantment
 34121 | Elf:3    | Identified the +5 ring mail of Responsibility {Dex+5}
 34124 | Elf:3    | Identified the staff of the Crushed Scars {rF+ rC- Will+++
                  | Str-4 Int+8 Fire}
 34127 | Elf:3    | Identified the +2 triple crossbow of Ashenzari, Riding
                  | {heavy, rPois rF+ Str+5 Dex-3}
 34130 | Elf:3    | Identified the +0 chain mail of Guomohag {MP+9 Int+4
                  | Stlth-}
 34132 | Elf:3    | Identified the +1 flail "Goakho Nugo" {heavy, rPois Dex+3
                  | Stlth+}
 34644 | Vaults:1 | Entered Level 1 of the Vaults
 35246 | Vaults:1 | You fall into a shaft and drop 1 floor!
 35285 | Vaults:2 | Reached skill level 10 in Shields
 35357 | Vaults:2 | Reached skill level 10 in Armour
 35667 | Vaults:2 | Identified the +4 falchion "Busi" {freeze, rF+}
 36011 | Vaults:1 | Found a portal to a secret trove of treasure.
 36543 | Vaults:2 | Found a staircase to the Crypt.
 36543 | Vaults:2 | Found a basalt altar of Yredelemnul.
 36544 | Vaults:2 | Found an ancient bone altar of Kikubaaqudgha.
 36643 | Vaults:2 | Noticed Zenata
 36657 | Vaults:2 | Killed Zenata
 37017 | Vaults:2 | Reached XP level 20. HP: 200/200 MP: 35/35
 37967 | Vaults:3 | Noticed Mennas
 37995 | Vaults:3 | Killed Mennas
 39672 | Vaults:3 | Found a runed translucent gate.
 39673 | Vaults:3 | Found a runed translucent gate.
 39673 | Vaults:3 | Found a runed translucent gate.
 39674 | Vaults:3 | Noticed Qeunemit's ghost (adept GrFi)
 39674 | Vaults:3 | Noticed Luiw's ghost (veteran HOBe)
 39674 | Vaults:3 | Noticed Zissick's ghost (adept MiBr)
 40333 | Vaults:4 | Identified the +1 great sword of the Grave {flame, Str+4
                  | SInv}
 40652 | Vaults:4 | Found Puenn's Armour Shoppe.
 40935 | Vaults:4 | Reached XP level 21. HP: 185/209 MP: 36/36
 41319 | Vaults:5 | Entered Level 5 of the Vaults
 41908 | Vaults:4 | HP: 8/211 [ettin/+0 dire flail (29)]
 41908 | Vaults:4 | Slain by a war gargoyle

Illustrated notes

Levels and vault maps discovered:
D:1:      minmay_arrival_checkered_box, layout_basic
D:2:      layout_basic, basic_altar, uniq_jessica
D:3:      layout_loops_corners, nicolae_gozag_cash_rules_everything_around_me,
          general_overflow_altar, portal_sewer_entry_e, uniq_natasha
D:4:      layout_loops_cross, nicolae_overflow_hidden_temple, serial_shops,
          kennysheep_mini_moat, nicolae_stop_n_shop_2, uniq_menkaure
D:5:      layout_basic, nemelex_diamond_rough_becter,
          minmay_temple_entry_slanted, serial_bayou_ford_a, uniq_duvessa
D:6:      layout_cave_pools, mainiacjoe_overflow_cross_hatched,
          kennysheep_little_box, uniq_grinder
D:7:      cheibrodos_statue_roulette, layout_cave_pools, grunt_ogre_cave
D:8:      layout_loops_ring, kennysheep_slug_shrine,
          chequers_serial_rivers_small_3, st_stairs_13
D:9:      layout_stronghold, nicolae_kikubaaqudgha_miasma_corner, uniq_pikel
D:10:     layout_basic, evilmike_ruin_ashenzari, trog_three_pillars_becter,
          uniq_erica, uniq_psyche, uniq_nergalle
D:11:     minmay_ice_pillars, layout_long_grid, david_lair_generic, uniq_erolcha
D:12:     layout_gridville, erik_orc_4, serial_bayou_lake_a
D:13:     layout_roguey [special_room_orc]
D:14:     layout_irregular_city, lightli_vaults_fourway_checkpoint,
          minmay_misc_feat_hallway, uniq_josephine
D:15:     grunt_enter_depths_giant_problem, layout_grid_maze,
          nrook_pool_corridor, wad_dig_loot
Lair:1:   layout_loops_ring
Lair:2:   layout_cave_pods
Lair:3:   layout_layer_cave, minmay_shoals_entry_centaurs,
          nicolae_snake_entry_warm_welcome, nicolae_lair_lindhole,
          grunt_megastairs_4, uniq_amaemon
Lair:4:   layout_gridlike, uniq_rupert
Lair:5:   minmay_lair_end_enchanted_forest, layout_regular_city,
          dpeg_slime_entry_enclosed, minmay_lindwurm_lava,
          infiniplex_staircase_pool_2
Shoals:1: cheibrodos_shoals_baths, layout_shoals, ebering_ghost_inner_flame,
          uniq_nikola, uniq_louise
Shoals:2: layout_shoals, nicolae_shoals_spectral_cove, uniq_mlioglotl
Shoals:3: layout_shoals, yaktaur_hedge
Shoals:4: shoals_end_grunt_ice, layout_shoals, lemuel_altar_in_water,
          hangedman_shoals_cup_caves, uniq_roxanne
Snake:1:  layout_misc_corridors, drop_trap, nicolae_snake_single_loop,
          serial_bayou_crossing, uniq_aizul
Snake:2:  layout_concentric_octagons, lemuel_fruit_tree
Snake:3:  layout_layer_cave, corexii_hall_statues_x
Snake:4:  snake_pit_salamanders_mu, layout_cave_town,
          nrook_guardian_serpent_ordinary, uniq_vashnia
Orc:1:    layout_diamond_mine, basic_altar, ebering_ghost_gozag, uniq_urug
Orc:2:    grunt_orc_tribal_feast, layout_diamond_mine, basic_altar,
          nicolae_orc_damp_corner
Elf:1:    eino_elf_arrival_customs, layout_loops_cross,
          kennysheep_underground_church
Elf:2:    nicolae_elf_blades_crystal_corner, layout_geoelf_octagon,
          st_stairs_10, nicolae_shop_firing_range
Elf:3:    minmay_elf_hall_curves, layout_geoelf_castle, st_stairs_2
Vaults:1: nicolae_vaults_asterisk, nicolae_vaults_security_offices_4,
          hangedman_vaults_slither, nicolae_vaults_specimen_jars,
          ontoclasm_vaults_hangar, nicolae_vaults_trapezoid_lopsided_3,
          vaults_room_stairs_pillars, layout_vaults_omnigrid,
          nicolae_trove_entry_diagonal
Vaults:2: vaults_room_door_hall, hangedman_vaults_cutoff, ontoclasm_vaults_eye,
          nicolae_vaults_diagonal_hallway_9, minmay_crypt_entry_necro_gods,
          v_misc_1, nicolae_vaults_more_shelving_2,
          nicolae_vaults_security_offices_1, vaults_room_grid,
          nicolae_vaults_closet_pinwheel_1, nicolae_vaults_circle_grid_a,
          ontoclasm_vaults_decontamination, vaults_room_pool,
          layout_vaults_omnibox, uniq_zenata
Vaults:3: gammafunk_ghost_cemetery, nicolae_vaults_sightless_eye,
          nicolae_vaults_double_plus_1, nicolae_vaults_closet_pinwheel_3,
          nicolae_vaults_diamond_1, nicolae_vaults_mini_display_case,
          nicolae_vaults_door_testing_chamber, v_misc_19,
          hangedman_vaults_stretched_pinwheel, v_misc_27, layout_vaults_ring,
          uniq_mennas
Vaults:4: v_misc_30, vaults_mumra_hex, v_misc_19,
          nicolae_vaults_border_crossing, nicolae_vaults_circle_grid_a,
          v_misc_1, nicolae_vaults_taking_the_gang_shopping,
          nicolae_vaults_little_squares_6, vaults_room_fancy_cross, v_pattern_5,
          layout_vaults_big_cross
Vaults:5: serial_shops

Skill      XL: |  1  2  3  4  5  6  7  8  9 10 11 12 13 14 15 16 17 18 19 20 21 |
---------------+----------------------------------------------------------------+-----
Fighting       | 4 5 6 7 8 10 11 13 15 16 18 19 20 22 23 | 23.1
Maces & Flails | 3 4 5 6 7 9 10 12 13 15 16 17 | 17.6
Shields        | 4 7 10 13 14 | 14.1
Invocations    | 1 3 4 5 7 10 11 13 15 17 18 20 21 23 | 23.3
Evocations     | 6 9 10 | 10.0
Dodging        | 5 7 9 |  9.3
Armour         | 7 10 13 14 | 14.1

Action                     |  1- 3 |  4- 6 |  7- 9 | 10-12 | 13-15 | 16-18 | 19-21 || total
---------------------------+-------+-------+-------+-------+-------+-------+-------++-------
  Melee: Flail             |    87 |   177 |   354 |       |       |       |       ||   618
         Morningstar       |       |       |    29 |   272 |   634 |   656 |   608 ||  2199
  Throw: Javelin           |       |     4 |     3 |       |       |       |       ||     7
         Dart              |       |       |     1 |     1 |       |       |       ||     2
         Boomerang         |       |       |       |       |       |     1 |       ||     1
 Invoke: Minor Destruction |       |       |    24 |    87 |    23 |     2 |       ||   136
         Major Destruction |       |       |       |     6 |    24 |    55 |   110 ||   195
         Lesser Servant of |       |       |       |     2 |     4 |     8 |     1 ||    15
Ability: Evoke Blink       |       |       |       |       |       |     2 |     3 ||     5
  Evoke: Phial of floods   |       |       |       |       |       |       |     1 ||     1
    Use: Potion            |       |     2 |     6 |       |       |     2 |     8 ||    18
         Scroll            |       |       |       |     3 |    11 |    10 |     5 ||    29
   Stab: Distracted        |       |       |       |     1 |     5 |    13 |     9 ||    28
         Petrified         |       |       |       |       |     2 |       |       ||     2
 Armour: Scale mail        |    48 |    68 |   136 |   108 |   113 |       |       ||   473
         Plate armour      |       |       |       |       |   150 |   293 |   311 ||   754
         Skin              |       |       |       |       |     1 |       |       ||     1
  Dodge: Dodged            |    41 |    75 |   156 |    93 |   276 |   229 |   271 ||  1141
  Block: Buckler           |    30 |    30 |    80 |       |       |       |       ||   140
         Kite shield       |       |       |    20 |   129 |   334 |    51 |       ||   534
         Tower shield      |       |       |       |       |       |   305 |   539 ||   844

Table legend: (Time is in decaauts)
 A = Elapsed time spent in this place.
 B = Non-inter-level travel time spent in this place.
 C = Inter-level travel time spent in this place.
 D = Time resting spent in this place.
 E = Time spent auto-exploring this place.
 F = Levels seen in this place.
 G = Mean time per level.
                   A        B        C        D        E       F      G
               +--------+--------+--------+--------+--------+-----+--------+
         Total |  42209 |  39552 |   2657 |   6713 |  18898 |  39 | 1082.3 |
       Dungeon |  14794 |  13901 |    893 |   1486 |   8742 |  15 |  986.3 |
          Lair |   5556 |   5002 |    554 |     45 |   3680 |   5 | 1111.2 |
        Shoals |   1672 |   1647 |     25 |    785 |      0 |   4 |  418.0 |
     Snake Pit |   4126 |   3805 |    321 |   1339 |    808 |   4 | 1031.5 |
  Orcish Mines |   1894 |   1619 |    275 |      0 |    898 |   2 |  947.0 |
   Elven Halls |   5205 |   4996 |    209 |   1415 |   1285 |   3 | 1735.0 |
        Vaults |   7180 |   6801 |    379 |   1462 |   2576 |   5 | 1436.0 |
         Sewer |   1778 |   1778 |      0 |    180 |    907 |   1 | 1778.0 |
               +--------+--------+--------+--------+--------+-----+--------+

Top non-repeatable levels by time:
 Snake:4: 3709 daAuts
   Elf:3: 2326 daAuts
Vaults:2: 2147 daAuts
Vaults:4: 2009 daAuts
   Sewer: 1778 daAuts
   Elf:2: 1749 daAuts
Vaults:3: 1697 daAuts
    D:12: 1490 daAuts
  Lair:3: 1378 daAuts
     D:5: 1358 daAuts
  Lair:5: 1311 daAuts
Vaults:1: 1291 daAuts
  Lair:2: 1240 daAuts
     D:9: 1140 daAuts
   Elf:1: 1129 daAuts
